 Dungeon Crawl Stone Soup version 0.18-a0-23-g19353e1 (webtiles) character file.

4184 Ijustatesigmund the Thaumaturge (level 10, -4/57 HPs)
             Began as a Deep Elf Wizard on Nov 2, 2015.
             Was an Initiate of Vehumet.
             Slain by a hell rat (17 damage)
             ... on level 8 of the Dungeon.
             The game lasted 00:44:10 (9345 turns).

Ijustatesigmund the Thaumaturge (Deep Elf Wizard)   Turns: 9345, Time: 00:44:11

Health: -4/57      AC: 11    Str:  4    XL:     10   Next: 8%
Magic:  4/25       EV: 14    Int: 27    God:    Vehumet [......]
Gold:   368        SH:  0    Dex: 13    Spells: 6 memorised, 10 levels left

rFire  . . .     SeeInvis .     v - +0 rapier (protect)
rCold  . . .     Clarity  .     a - +1 robe
rNeg   . . .     SustAt   .     (no shield)
rPois  .         Gourm    .     b - +1 hat
rElec  .         Spirit   .     o - +1 cloak
rCorr  .         Warding  .     (no gloves)
rMut   .         Stasis   .     (no boots)
MR     +....                    u - amulet of rage
Stlth  ++++......               (no ring)
                                (no ring)

@: very slightly contaminated, drained, invisible, somewhat resistant to hostile
enchantments, stealthy
A: no striking features
a: Renounce Religion, Evoke Berserk Rage


You were on level 8 of the Dungeon.
You worshipped Vehumet.
Vehumet was noncommittal.
You were not hungry.

You visited 2 branches of the dungeon, and saw 9 of its levels.
You also visited: Bailey.

You collected 368 gold pieces.

Inventory:

Hand Weapons
 e - a +0 dagger
 g - a +2 dagger of venom
 n - a +2 quarterstaff of chaos
 r - a +1 vampiric dagger
 v - a +0 rapier of protection (weapon)
Missiles
 x - 4 javelins of penetration (quivered)
Armour
 a - a +1 robe (worn)
 b - a +1 hat (worn)
 o - a +1 cloak (worn)
Jewellery
 f - an uncursed ring of teleportation
 l - an uncursed amulet of guardian spirit
 u - an amulet of rage (around neck)
 C - a cursed amulet of inaccuracy {unknown}
Wands
 k - a wand of digging (10)
 y - a wand of frost (29)
Scrolls
 h - 4 scrolls of identify
 i - 6 scrolls of immolation
 m - 2 scrolls of fear
 q - 4 scrolls of teleportation
 s - 3 scrolls of remove curse
Potions
 t - a potion of magic
 w - 2 potions of might
 z - 4 potions of flight
 B - a potion of degeneration {unknown}
 E - a potion of curing
Books
 c - a book of Minor Magic

   Spells                             Type                      Level
   a - Magic Dart                     Conjuration                  1
   b - Blink                          Translocation                2
   c - Call Imp                       Summoning                    2
   d - Repel Missiles                 Charms/Air                   2
   e - Slow                           Hexes                        2
   f - Conjure Flame                  Conjuration/Fire             3
   g - Mephitic Cloud                 Conjuration/Poison/Air       3
 D - a book of Ice

   Spells                             Type                      Level
   a - Ice Form                       Ice/Transmutation            4
   b - Metabolic Englaciation         Hexes/Ice                    5
   c - Ozocubu's Refrigeration        Ice                          6
   d - Bolt of Cold                   Conjuration/Ice              6
   e - Freezing Cloud                 Conjuration/Ice/Air          6
   f - Simulacrum                     Ice/Necromancy               6
Comestibles
 d - 8 bread rations
 p - 5 beef jerkies


   Skills:
 + Level 4.2(3.8) Fighting
 - Level 5.1(4.7) Short Blades
 - Level 3.2(2.8) Throwing
 - Level 5.2(4.8) Dodging
 - Level 8.0(7.5) Stealth
 - Level 9.0(8.5) Spellcasting
 + Level 8.6(8.1) Conjurations
   Level 1.1(0.7) Summonings
 - Level 3.2(2.9) Translocations
 + Level 2.6(2.2) Ice Magic
 - Level 3.1(2.7) Air Magic
 - Level 2.0(1.6) Poison Magic
 - Level 3.6(3.2) Evocations


You had 10 spell levels left.
You knew the following spells:

 Your Spells              Type           Power        Failure   Level  Hunger
a - Magic Dart            Conj           ####         1%          1    None
b - Blink                 Tloc           N/A          1%          2    None
c - Repel Missiles        Chrm/Air       ###...       6%          2    None
d - Mephitic Cloud        Conj/Pois/Air  ####....     2%          3    None
e - Conjure Flame         Conj/Fire      ####....     2%          3    None
f - Freezing Cloud        Conj/Ice/Air   #####.....   95%         6    ######.


Dungeon Overview and Level Annotations

Branches:
Dungeon (8/15)             Temple (1/1) D:7            Lair (0/8) D:8

Altars:
Ashenzari
Cheibriados
Fedhas
Makhleb
Ru
Sif Muna
Vehumet
Xom
Yredelemnul
Zin

Annotations:
D:4 chonchonts's ghost, amateur MiFi
D:7 exclusion: oklob plant


Message History

The ice beast closely misses you.
You hit the ice beast.
You kill the ice beast!
Vehumet accepts your kill.
The hell rat roars!
The hell rat bites you!
You feel drained.
* * * LOW HITPOINT WARNING * * *
You hit the hell rat but do no damage.
The hell rat bites you but does no damage.
You completely miss the hell rat. The hell rat closely misses you.
Drink which item? (? for menu, Esc to quit)
You fade into invisibility!
The hell rat barely misses you. The hell rat bites you.
* * * LOW HITPOINT WARNING * * *
You are very lightly contaminated with residual magic.
You strike the helpless hell rat from behind!
You puncture the hell rat!
The hell rat is almost dead.
The hell rat bites you!
You die...

#.# #.#
#..#######
#.# #.#
#.........
#.# #.#
######.###
#.# #.# #.#
#.. #.###
#.# ###
#...# #.#
###.#
###.### #.#
#...†.. #@#
#####.#.##.
#r#
#..........
#.#
##.......Y..
#.#
#..........(
#.#
#...........
#.#
#....a......
#.#
#...........
...
#.....>.....
#).........#


You could see a hell rat.

Vanquished Creatures
  An orc knight (Bailey)
  A water moccasin (D:7)
  7 orc warriors
  A black bear (D:6)
  5 ice beasts
  3 phantoms
  3 ogres
  2 sky beasts
  An eye of draining (D:8)
  2 centaurs (D:7)
  A big kobold (D:7)
  5 giant frogs
  5 scorpions
  A centaur zombie (D:6)
  A giant frog zombie (D:6)
  Crazy Yiuf (D:2)
  2 orc priests (D:7)
  Jessica (D:3)
  4 orc wizards
  8 worker ants
  10 gnolls
  A river rat (D:8)
  5 adders
  2 oozes
  An adder zombie (D:5)
  An adder skeleton (D:5)
  3 worms
  6 giant geckos
  16 orcs
  2 ball pythons
  8 bats
  7 giant cockroaches
  9 hobgoblins
  2 jackals (D:6)
  28 kobolds
  5 quokkas
  A giant gecko skeleton (D:6)
  5 giant newts
  22 goblins
  5 rats
194 creatures vanquished.

Vanquished Creatures (others)
  An ogre (D:7)
1 creature vanquished.

Grand Total: 195 creatures vanquished

Notes
Turn   | Place    | Note
--------------------------------------------------------------
     0 | D:1      | Ijustatesigmund the Deep Elf Wizard began the quest for the Orb.
     0 | D:1      | Reached XP level 1. HP: 10/10 MP: 7/7
     2 | D:1      | Noticed a dwarf
     2 | D:1      | Noticed a minotaur
     4 | D:1      | Noticed a demonspawn
     4 | D:1      | Noticed a vine stalker
     6 | D:1      | Noticed a felid
     6 | D:1      | Noticed a merfolk
     8 | D:1      | Noticed an octopode
    12 | D:1      | Noticed a naga
    12 | D:1      | Noticed a spriggan
    14 | D:1      | Noticed a vampire
    16 | D:1      | Noticed an elf
    16 | D:1      | Noticed a tengu
    18 | D:1      | Noticed a centaur
    18 | D:1      | Noticed an ogre
    20 | D:1      | Noticed a formicid
    22 | D:1      | Noticed a demigod
    22 | D:1      | Noticed a ghoul
    24 | D:1      | Noticed a troll
    24 | D:1      | Noticed a gargoyle
    26 | D:1      | Noticed a human
    26 | D:1      | Noticed a draconian
   264 | D:1      | Reached XP level 2. HP: 12/15 MP: 5/9
   268 | D:1      | Learned a level 2 spell: Blink
   271 | D:1      | Learned a level 2 spell: Repel Missiles
   863 | D:2      | Reached XP level 3. HP: 19/19 MP: 8/10
   868 | D:2      | Learned a level 3 spell: Mephitic Cloud
  1304 | D:2      | Noticed Crazy Yiuf
  1318 | D:2      | Killed Crazy Yiuf
  1318 | D:2      | Reached skill level 1 in Air Magic
  1318 | D:2      | Reached skill level 1 in Poison Magic
  1318 | D:2      | Reached XP level 4. HP: 24/24 MP: 1/12
  1353 | D:2      | Found a shimmering altar of Xom.
  1623 | D:3      | Reached skill level 1 in Short Blades
  1828 | D:3      | Noticed Jessica
  1832 | D:3      | Killed Jessica
  1840 | D:3      | Found a deep blue altar of Sif Muna.
  2510 | D:4      | Reached skill level 5 in Short Blades
  2510 | D:4      | Reached skill level 7 in Stealth
  2510 | D:4      | Reached XP level 5. HP: 27/33 MP: 13/17
  2541 | D:4      | Learned a level 3 spell: Conjure Flame
  2544 | D:4      | Reached XP level 6. HP: 35/38 MP: 18/18
  2615 | D:4      | Noticed chonchonts's ghost (amateur MiFi)
  2950 | D:5      | Entered Level 5 of the Dungeon
  3446 | D:5      | Reached skill level 1 in Evocations
  3448 | D:5      | Reached skill level 8 in Stealth
  3448 | D:5      | Reached XP level 7. HP: 25/42 MP: 12/20
  3932 | D:5      | Reached skill level 1 in Throwing
  4680 | D:6      | Reached XP level 8. HP: 43/48 MP: 7/21
  6534 | D:7      | Reached XP level 9. HP: 52/52 MP: 20/23
  6611 | D:7      | Reached skill level 9 in Spellcasting
  6785 | D:7      | Found a flagged portal.
  6790 | Bailey   | Entered a bailey
  6949 | Bailey   | Noticed an orc knight
  6958 | Bailey   | Killed an orc knight
  7054 | Bailey   | Reached skill level 5 in Dodging
  7513 | Bailey   | Learned a level 6 spell: Freezing Cloud
  7696 | D:7      | Noticed an oklob plant
  7738 | D:7      | Noticed a komodo dragon
  7743 | D:7      | Found a shattered altar of Ashenzari.
  8125 | D:7      | Reached skill level 1 in Ice Magic
  8758 | D:7      | Found a staircase to the Ecumenical Temple.
  8767 | Temple   | Entered the Ecumenical Temple
  8776 | Temple   | Became a worshipper of Vehumet
  8801 | D:7      | Reached XP level 10. HP: 53/56 MP: 18/25
  9209 | D:8      | Found a staircase to the Lair.
  9345 | D:8      | Slain by a hell rat

Vault maps used:
D:1:      kb_arrival_jail
D:2:      overflow_temple_1_default, first_bread, uniq_crazy_yiuf_cottage
D:3:      tgw_sif
D:4:      minivault_23
D:7:      lemuel_slime, minmay_temple_entry_hall, enter_bailey_3,
          grunt_ogre_cave, cheibrodos_ashenzari_chains
D:8:      grunt_temple_overflow_open, dpeg_lair_monsters, grunt_ministairs_14
Temple:   circular_temple_12
Bailey:   bailey_axe_4, bailey

Action                   |  1- 3 |  4- 6 |  7- 9 | 10-12 || total
-------------------------+-------+-------+-------+-------++-------
Melee: Dagger            |    17 |    55 |   115 |       ||   187
       Rapier            |       |       |    48 |    49 ||    97
Throw: Javelin           |       |     8 |    19 |       ||    27
 Cast: Magic Dart        |    87 |    50 |   389 |    35 ||   561
       Repel Missiles    |     1 |       |     2 |       ||     3
       Mephitic Cloud    |     1 |     4 |    33 |     7 ||    45
       Blink             |       |     2 |     9 |     4 ||    15
       Conjure Flame     |       |       |     3 |     1 ||     4
 Abil: Evoke Berserk Rag |       |       |     1 |       ||     1
  Use: Scroll            |     7 |     8 |     6 |       ||    21
       Potion            |       |     1 |     3 |     1 ||     5
 Stab: Sleeping          |     1 |     9 |     3 |       ||    13
       Confused          |       |     1 |     4 |       ||     5
       Invisible         |       |       |     1 |     1 ||     2
  Eat: Chunk             |     1 |     4 |    13 |     1 ||    19
       Bread ration      |       |     1 |       |       ||     1
       Beef jerky        |       |     1 |     2 |     1 ||     4
       Royal jelly       |       |       |     1 |       ||     1
